 Dungeon Crawl Stone Soup version 0.30-a0-358-g0d69a1922f (webtiles) character file.

Game seed: 15665277556023578914

79 p00ps00p the Trooper (level 4, -1/41 HPs)
             Began as a Hill Orc Fighter on Nov 9, 2022.
             Slain by Grinder (2 damage)
             ... on level 3 of the Dungeon.
             The game lasted 00:02:50 (1810 turns).

p00ps00p the Trooper (Hill Orc Fighter)             Turns: 1810, Time: 00:02:51

Health: -1/41      AC:  7    Str: 20    XL:     4   Next: 38%
Magic:  4/4        EV:  9    Int:  8    God:
Gold:   100        SH:  4    Dex: 10    Spells: 3/3 levels left

rFire   . . .      SeeInvis .    a - +0 war axe
rCold   . . .      Faith    .    c - +0 buckler
rNeg    . . .      Spirit   .    b - +0 scale mail
rPois   .          Reflect  .    (no helmet)
rElec   .          Harm     .    (no cloak)
rCorr   .          Rampage  .    (no gloves)
Will    .....                    (no boots)
Stlth   ..........               (no amulet)
HPRegen 0.26/turn                (no ring)
MPRegen 0.09/turn                (no ring)

@: no status effects
A: no striking features
a: no special abilities


You were on level 3 of the Dungeon.
You visited 1 branch of the dungeon, and saw 3 of its levels.

You collected 100 gold pieces.

Inventory:

Hand Weapons
 a - a +0 war axe (weapon)
Missiles
 k - 6 poisoned darts (quivered)
Armour
 b - a +0 scale mail (worn)
 c - a +0 buckler (worn)
Jewellery
 i - a +6 ring of strength
Potions
 d - 2 potions of might
 e - 3 potions of curing
 m - a potion of magic {unknown}
 n - a potion of attraction {unknown}


   Skills:
 + Level 4.4 Fighting
 + Level 3.7 Axes
 + Level 4.0 Armour
 + Level 4.0 Shields


You had 3 spell levels left.
You didn't know any spells.
Your spell library contained the following spells:

 Spells                   Type           Power      Damage    Failure   Level
 Inner Flame              Hex/Fire       0%         N/A       99%         3
 Flame Wave               Conj/Fire      0%         2d4       100%        4
 Sticky Flame             Conj/Fire      0%         2d3       100%        4
 Summon Ice Beast         Ice/Summ       0%         N/A       100%        4
 Summon Mana Viper        Hex/Summ       0%         N/A       100%        5
 Monstrous Menagerie      Summ           0%         N/A       100%        7


Dungeon Overview and Level Annotations

Branches:
Dungeon (3/15)

Altars:

Annotations:
D:3 Grinder


Message History

Grinder comes into view.
Grinder shouts!
Blink to where?
Press: ? - help, Dir - move target
As you read the scroll labelled XOVOHUGGIA, it crumbles to dust.
It was a scroll of blinking.
Grinder grins, showing sharp teeth.
Grinder gestures at you. You resist with significant effort.
There is a stone staircase leading up here.
Grinder gestures at you. Pain shoots through your body!
Grinder gestures at you. Pain shoots through your body!
You hit Grinder but do no damage.
Grinder blinks!
Grinder gestures at you.
You suddenly lose the ability to move!
Grinder blinks!
You can move again.
You closely miss Grinder. Grinder hits you but does no damage.
Grinder hits you.
You writhe in agony.
You barely miss Grinder. Grinder hits you but does no damage.
You closely miss Grinder. Grinder gestures at you.
You shrug off the repeated paralysis!
Grinder hits you but does no damage.
You hit Grinder.
Grinder is lightly wounded.
Grinder gestures at you. Pain shoots through your body!
* * * LOW HITPOINT WARNING * * *
You barely miss Grinder.
Grinder is lightly wounded.
Grinder hits you.
* * * LOW HITPOINT WARNING * * *
You writhe in agony.
* * * LOW HITPOINT WARNING * * *
You hit Grinder.
Grinder is lightly wounded.
Grinder hits you.
You die...

...###.##.#
...#.##.# #.#.##.#
#......###
#........#####
#.....#.#.........
#.#####.#.##.#####
##.#.# .# ##..@.#
.# ##..<.5## #
#....รท..#
#.......#
............#
####.....####
##...## ##.## #.#


You could see Grinder.

Vanquished Creatures
  4 adders (D:2)
  A worm (D:2)
  2 ball pythons
  3 bats
  2 endoplasms
  3 giant cockroaches
  5 goblins
  7 hobgoblins
  4 kobolds
  A quokka (D:1)
  3 frilled lizards
  5 rats
40 creatures vanquished.

Notes
Turn   | Place    | Note
-------+----------+-------------------------------------------
     0 | D:1      | p00ps00p the Hill Orc Fighter began the quest for the Orb.
     0 | D:1      | Reached XP level 1. HP: 19/19 MP: 1/1
   220 | D:1      | Reached XP level 2. HP: 27/27 MP: 2/2
   506 | D:1      | Reached XP level 3. HP: 29/33 MP: 3/3
  1254 | D:2      | Reached XP level 4. HP: 40/41 MP: 4/4
  1343 | D:2      | HP: 1/41 [adder (3)]
  1776 | D:3      | Noticed Grinder
  1801 | D:3      | Paralysed by Grinder for 4 turns
  1809 | D:3      | HP: 1/41 [Grinder (4)]
  1810 | D:3      | Slain by Grinder

Illustrated notes

Levels and vault maps discovered:
D:1:      tarquinn_simple_flora_water_b, layout_basic
D:2:      layout_rooms
D:3:      layout_loops_ring, hangedman_decor_slide_cut, uniq_natasha,
          uniq_robin, uniq_grinder

Skill      XL: |  1  2  3  4 |
---------------+-------------+-----
Axes           | 3 |  3.7
Fighting       | 4 |  4.4
Shields        | 4 |  4.0
Armour         | 4 |  4.0

Action                   |  1- 3 |  4- 6 || total
-------------------------+-------+-------++-------
Melee: War axe           |    91 |    34 ||   125
  Use: Scroll            |       |     5 ||     5
       Potion            |       |     2 ||     2
Armor: Scale mail        |    47 |    16 ||    63
Dodge: Dodged            |    34 |    15 ||    49
Block: Buckler           |    20 |     7 ||    27

Table legend: (Time is in decaauts)
 A = Elapsed time spent in this place.
 B = Non-inter-level travel time spent in this place.
 C = Inter-level travel time spent in this place.
 D = Time resting spent in this place.
 E = Time spent auto-exploring this place.
 F = Levels seen in this place.
 G = Mean time per level.
                   A        B        C        D        E       F      G
               +--------+--------+--------+--------+--------+-----+--------+
         Total |   1855 |   1798 |     57 |    316 |   1084 |   3 |  618.3 |
       Dungeon |   1855 |   1798 |     57 |    316 |   1084 |   3 |  618.3 |
               +--------+--------+--------+--------+--------+-----+--------+

Top non-repeatable levels by time:
     D:1: 776 daAuts
     D:2: 681 daAuts
     D:3: 397 daAuts
